 Dungeon Crawl Stone Soup version 0.18.1-8-gdd0e5ea (webtiles) character file.

369 zeroDi the Cutter (level 6, -3/27 HPs)
             Began as a Vine Stalker Assassin on June 3, 2016.
             Slain by an ogre
             ... wielding a +0 giant spiked club
              (20 damage)
             ... on level 4 of the Dungeon.
             The game lasted 00:08:44 (2264 turns).

zeroDi the Cutter (Vine Stalker Assassin)           Turns: 2264, Time: 00:08:44

Health: -3/27      AC:  8    Str: 23    XL:     6   Next: 70%
Magic:  0/7        EV: 11    Int: 11    God:
Gold:   175        SH:  0    Dex: 17    Spells: 0 memorised, 5 levels left

rFire  . . .     SeeInvis .     z - -2 dagger (curse)
rCold  . . .     Gourm    .     c - +0 robe
rNeg   . . .     Faith    .     (no shield)
rPois  .         Spirit   +     w - +2 helmet of Summer {-Cast rElec rCorr Str+7}
rElec  +         Dismiss  .     d - +0 cloak
rCorr  +         Reflect  .     (no gloves)
SustAt .         Harm     .     q - +1 pair of boots
MR     .....     NoCast   +     (no amulet)
Stlth  +++.......               (no ring)
                                (no ring)

@: not resistant to hostile enchantments, fairly stealthy
A: fangs 2, blurry vision 1, frail 1, regeneration 2, strong 1, magic shield,
antimagic bite, no device heal 3, rot immunity, MP-powered wands
a: no special abilities


You were on level 4 of the Dungeon.
You were not hungry.

You visited 1 branch of the dungeon, and saw 4 of its levels.

You collected 175 gold pieces.


Innate Abilities, Weirdness & Mutations

You have extremely sharp teeth.
You heal very quickly.
When hurt, damage is shared between your health and your magic reserves.
Your bite disrupts and absorbs the magic of your enemies.
Potions and wands cannot restore your health.
You are immune to rotting.
Scrolls take you a little longer to read.
You are frail (-10% HP).
Your muscles are strong. (Str +2)
You expend magic power (3 MP) to strengthen your wands.


   Skills:
 - Level 1.7 Fighting
 + Level 6.3 Short Blades
 - Level 1.7 Throwing
 - Level 0.7 Dodging
 - Level 4.8 Stealth


You had 5 spell levels left.
You didn't know any spells.

Inventory:

Hand Weapons
 a - a +2 dagger
 b - a +0 blowgun
 s - a +0 hand axe of distortion
 z - a cursed -2 dagger (weapon)
Missiles
 e - 13 poisoned needles
 f - 2 curare-tipped needles {=f}
 i - 6 needles of sleeping
Armour
 c - a +0 robe (worn)
 d - a +0 cloak (worn)
 q - a +1 pair of boots (worn)
 w - the +2 helmet of Summer (worn) {-Cast rElec rCorr Str+7}
   (You took it off Robin on level 2 of the Dungeon)

   It affects your strength (+7).
   It insulates you from electricity.
   It prevents spellcasting.
   It protects you from acid and corrosion.
Jewellery
 r - an uncursed ring of resist corrosion {unknown}
Scrolls
 j - a scroll of recharging
 k - a scroll of enchant armour
 m - a scroll of identify {@r1}
Potions
 l - 2 potions of flight {unknown}
 o - a potion of resistance {unknown}
 p - a potion of brilliance {unknown}
 u - a potion of magic {unknown}
 v - a potion of might {unknown}
 x - a potion of mutation {unknown}
 B - a potion of invisibility {unknown}
Books
 n - a book of Transfigurations

   Spells                             Type                      Level
   a - Irradiate                      Conjuration/Transmutation    5
   b - Statue Form                    Transmutation/Earth          6
   c - Hydra Form                     Transmutation                6
   d - Dragon Form                    Transmutation                7
Comestibles
 g - 2 bread rations
 h - a meat ration
 t - 4 fruits
 A - 4 chunks of flesh

Dungeon Overview and Level Annotations

Branches:
Dungeon (4/15)
 Temple: D:4-7

Altars:

Shops:
D:4 !

Annotations:
D:2 Crazy Yiuf
D:3 Grinder

# ###.....# # # #.#
#.....#### # #.#
#####..... # #.# #####. #
#.# #[ # ##.# ## ..# #
#O# #@# ###.# #.. ..#.#
#..###.#.# #....#.#.#
#....#.#.# #.#..#.#.#
########
#.#....#(#####......#####
#.........)...........)).


You could see an ogre.


Message History

You feel invigorated.
The ogre is lightly wounded.
The ogre closely misses you.
You hit the ogre. You bite the ogre, but do no damage.
The ogre is lightly wounded.
You closely miss the ogre.
The ogre is lightly wounded.
The ogre misses you.
You hit the ogre. You bite the ogre. You drain its power.
You feel invigorated.
The ogre is moderately wounded.
You hit the ogre but do no damage.
The ogre is moderately wounded.
The ogre barely misses you.
You hit the ogre but do no damage. You bite the ogre. You drain its power.
The ogre is heavily wounded.
You hit the ogre. You bite the ogre. You drain its power.
The ogre is severely wounded.
The ogre hits you with a giant spiked club!!
Ouch! That really hurt!
You die...

Action                   |  1- 3 |  4- 6 || total
-------------------------+-------+-------++-------
Melee: Dagger            |    87 |   258 ||   345
       Bite              |    17 |    91 ||   108
 Fire: Blowgun           |     1 |     5 ||     6
  Use: Scroll            |       |     6 ||     6
 Stab: Sleeping          |     4 |     2 ||     6
       Distracted        |       |     1 ||     1
  Eat: Chunk             |       |     6 ||     6
       Meat ration       |       |     1 ||     1
Armor: Robe              |    12 |    78 ||    90
Dodge: Dodged            |    35 |   124 ||   159

Vault maps used:
D:1:      dpeg_arrival_snail, minivault_19, minmay_misc_feat_cross,
          st_stairs_11, minmay_cut_off
D:2:      lemuel_doored_altar, uniq_robin, uniq_crazy_yiuf_cottage,
          uniq_terence, uniq_jessica
D:3:      uniq_grinder
D:4:      serial_shops, nicolae_shop_temple_entry_statues_fountains,
          minmay_misc_feat_plants

Notes
Turn   | Place    | Note
--------------------------------------------------------------
     0 | D:1      | zeroDi the Vine Stalker Assassin began the quest for the Orb.
     0 | D:1      | Reached XP level 1. HP: 11/11 MP: 2/2
    77 | D:1      | Reached skill level 2 in Short Blades
   142 | D:1      | Reached XP level 2. HP: 11/15 MP: 3/3
   262 | D:1      | Reached skill level 3 in Short Blades
   267 | D:1      | Reached XP level 3. HP: 12/18 MP: 4/4
   654 | D:2      | Noticed Jessica
   684 | D:2      | Killed Jessica
   684 | D:2      | Reached skill level 4 in Short Blades
   684 | D:2      | Reached XP level 4. HP: 22/23 MP: 5/5
   711 | D:2      | Noticed Terence
   754 | D:2      | Killed Terence
   863 | D:2      | Noticed Robin
   887 | D:1      | Reached XP level 5. HP: 20/26 MP: 4/6
   917 | D:2      | Killed Robin
   919 | D:2      | Got a spiked helmet
   925 | D:2      | Identified the +2 helmet of Summer {-Cast rElec rCorr Str+7} (You took it off Robin on level 2 of the Dungeon)
  1151 | D:2      | Noticed Crazy Yiuf
  1236 | D:3      | Noticed Grinder
  1329 | D:4      | Found Nuryqec's Distillery.
  1413 | D:4      | Reached skill level 5 in Short Blades
  1496 | D:4      | Noticed a phantom
  1531 | D:4      | Noticed a sky beast
  1723 | D:4      | Killed a sky beast
  1723 | D:4      | Gained mutation: You heal very quickly. [Vine Stalker growth]
  1723 | D:4      | Reached XP level 6. HP: 15/30 MP: 7/7
  1732 | D:4      | Gained mutation: Your muscles are strong. (Str +2) [mutagenic meat]
  1733 | D:4      | Gained mutation: You are frail (-10% HP). [mutagenic meat]
  1734 | D:4      | Gained mutation: Scrolls take you a little longer to read. [mutagenic meat]
  1735 | D:4      | Gained mutation: You expend magic power (3 MP) to strengthen your wands. [mutagenic meat]
  1794 | D:4      | Reached skill level 6 in Short Blades
  2264 | D:4      | Slain by an ogre

Vanquished Creatures
  A sky beast (D:4)
  A centaur skeleton (D:4)
  Jessica (D:2)
  Terence (D:2)
  A worker ant (D:4)
  Robin (D:2)
  6 gnolls (D:4)
  3 adders
  4 dart slugs
  A giant gecko (D:1)
  3 orcs (D:4)
  A ball python (D:3)
  5 bats
  4 giant cockroaches
  16 goblins
  6 hobgoblins
  3 giant newts
  8 kobolds
  5 rats
71 creatures vanquished.
